 Dungeon Crawl Stone Soup version 0.30.0-17-ge0270778cf (webtiles) character file.

Game seed: 3356841132756071185

44 cheesebisquit the Vexing (level 3, 28/28 HPs)
             Began as a Gnoll Hexslinger on May 21, 2023.
             Quit the game on level 2 of the Dungeon.
             The game lasted 00:07:12 (1090 turns).

cheesebisquit the Vexing (Gnoll Hexslinger)         Turns: 1090, Time: 00:07:12

Health: 28/28      AC:  2    Str:  9    XL:     3   Next: 60%
Magic:  7/7        EV: 13    Int: 14    God:
Gold:   56         SH:  0    Dex: 12    Spells: 0/7 levels left

rFire   . . .        a - +1 sling
rCold   . . .        (no shield)
rNeg    . . .        c - +0 robe
rPois   .            (no helmet)
rElec   .            (no cloak)
rCorr   .            (no gloves)
SInv    .            (no boots)
Will    .....        (no amulet)
Stlth   +            (no ring)
HPRegen 0.24/turn    (no ring)
MPRegen 0.10/turn

%: no passive effects
@: no status effects
A: fangs 1, strong nose, distributed training
a: no special abilities


You were on level 2 of the Dungeon.
You visited 1 branch of the dungeon, and saw 2 of its levels.

You collected 56 gold pieces.

Inventory:

Hand Weapons
 a - a +1 sling (weapon)
Missiles
 g - 4 poisoned darts
Armour
 c - a +0 robe (worn)
Scrolls
 b - a scroll of poison
 e - a scroll of teleportation {unknown}
 h - a scroll of identify {unknown}
 k - a scroll of fear {unknown}
 l - a scroll of blinking {unknown}
Potions
 d - a potion of curing {unknown}
 f - a potion of ambrosia {unknown}
 i - a potion of flight {unknown}
 j - a potion of attraction {unknown}


   Skills:
 + Level 2.6 Fighting
 + Level 0.9 Short Blades
 + Level 0.9 Long Blades
 + Level 0.9 Axes
 + Level 0.9 Maces & Flails
 + Level 0.9 Polearms
 + Level 0.9 Staves
 + Level 4.5 Ranged Weapons
 + Level 0.9 Throwing
 + Level 0.9 Armour
 + Level 4.5 Dodging
 + Level 0.9 Stealth
 + Level 0.9 Shields
 + Level 0.9 Unarmed Combat
 + Level 2.8 Spellcasting
 + Level 0.6 Conjurations
 + Level 5.4 Hexes
 + Level 0.6 Summonings
 + Level 0.6 Necromancy
 + Level 0.6 Translocations
 + Level 0.6 Transmutations
 + Level 0.6 Fire Magic
 + Level 0.6 Ice Magic
 + Level 0.6 Air Magic
 + Level 0.6 Earth Magic
 + Level 0.6 Poison Magic
 + Level 1.0 Invocations
 + Level 0.9 Evocations


You couldn't memorise any spells.
You knew the following spells:

 Your Spells              Type           Power      Damage    Failure   Level
a - Slow                  Hex            68%        N/A       2%          1
b - Inner Flame           Hex/Fire       10%        N/A       19%         3
c - Portal Projectile     Hex/Tloc       20%        N/A       19%         3

Your spell library contained the following spells:

 Spells                   Type           Power      Damage    Failure   Level
 Cause Fear               Hex            8%         N/A       24%         4
 Lesser Beckoning         Tloc           6%         N/A       26%         2
 Gell's Gravitas          Tloc           3%         N/A       45%         3
 Teleport Other           Tloc           3%         N/A       45%         3


Dungeon Overview and Level Annotations

Branches:
Dungeon (2/15)

Altars:


Innate Abilities, Weirdness & Mutations

You have very sharp teeth.
Your uncanny sense of smell can sniff out nearby items.
Your experience applies equally to all skills.


Message History

A giant cockroach comes into view.
The giant cockroach seems to slow down.
You shoot a sling bullet.
The sling bullet hits the giant cockroach.
You kill the giant cockroach!
Your Invocations skill increases to level 1!
You now have 44 gold pieces (gained 8).
Done exploring.
Done exploring.
There is a stone staircase leading down here.
You climb downwards.
There is a stone staircase leading up here.
A rat comes into view.
You shoot a sling bullet. The sling bullet hits the rat.
You kill the rat!
You now have 56 gold pieces (gained 12).
An adder comes into view.
Found a stone staircase leading up.
You shoot a sling bullet. The sling bullet hits the adder.
The adder hisses angrily.
The adder is moderately wounded.
You miscast Slow.
You are very lightly contaminated with residual magic.
Nothing appears to happen.
The adder seems to slow down.
You shoot a sling bullet. The sling bullet hits the adder.
The adder is almost dead.
You shoot a sling bullet. The sling bullet misses the adder.
You shoot a sling bullet.
The sling bullet barely misses the adder.
The adder barely misses you.
You shoot a sling bullet. The sling bullet hits the adder.
You kill the adder!
You start resting.
Your magical contamination has completely faded away.
Magic restored.
You pick up a book of Displacement and begin reading...
You add the spells Lesser Beckoning, Gell's Gravitas and Teleport Other to your library.
Okay, then.
Are you sure you want to abandon this character and quit the game? (Confirm with "yes".)

.....# .#.. .....#
.... ....###... #
...#.... # #....#
## #....####### ##.
#..........# #.#
#@.........# ##.#
##..........# #.##
#..........†####.##
#...####..........+
#...# ####.####.##
#...# #.# #.##
##### #.# ##.# #<#
#.# ### #.


There were no monsters in sight!

Vanquished Creatures
  An adder (D:2)
  3 dart slugs (D:1)
  4 bats (D:1)
  5 endoplasms (D:1)
  A giant cockroach (D:1)
  2 goblins (D:1)
  3 jackals (D:1)
  2 kobolds (D:1)
  A quokka (D:1)
  2 ball pythons (D:1)
  A frilled lizard (D:1)
  3 rats
28 creatures vanquished.

Notes
Turn   | Place    | Note
-------+----------+-------------------------------------------
     0 | D:1      | cheesebisquit the Gnoll Hexslinger began the quest for the
                  | Orb.
     0 | D:1      | Reached XP level 1. HP: 17/17 MP: 4/4
   111 | D:1      | Reached XP level 2. HP: 23/23 MP: 3/5
   403 | D:1      | Reached XP level 3. HP: 23/28 MP: 0/7
   484 | D:1      | Learned a level 3 spell: Inner Flame
   495 | D:1      | Learned a level 3 spell: Portal Projectile
   980 | D:1      | Reached skill level 1 in Invocations
  1090 | D:2      | Quit the game

Illustrated notes

Levels and vault maps discovered:
D:1:      dpeg_arrival_shelter, layout_basic
D:2:      layout_basic, dreamdust_ecumenical_altar_grove, interstate_on_off,
          uniq_sigmund

Skill      XL: |  1  2  3 |
---------------+----------+-----
Invocations    | 1 |  1.0
Fighting       | |  2.6
Short Blades   | |  0.9
Long Blades    | |  0.9
Axes           | |  0.9
Maces & Flails | |  0.9
Polearms       | |  0.9
Staves         | |  0.9
Ranged Weapons | |  4.5
Throwing       | |  0.9
Armour         | |  0.9
Dodging        | |  4.5
Stealth        | |  0.9
Shields        | |  0.9
Unarmed Combat | |  0.9
Spellcasting   | |  2.8
Conjurations   | |  0.6
Hexes          | |  5.4
Summonings     | |  0.6
Necromancy     | |  0.6
Translocations | |  0.6
Transmutations | |  0.6
Fire Magic     | |  0.6
Ice Magic      | |  0.6
Air Magic      | |  0.6
Earth Magic    | |  0.6
Poison Magic   | |  0.6
Evocations     | |  0.9

Action                     || total
---------------------------++-------
   Fire: Sling             ||    69
   Cast: Slow              ||    32
         Inner Flame       ||     1
 Armour: Robe              ||     4
  Dodge: Dodged            ||    11
